 Dungeon Crawl Stone Soup version 0.22-a0-570-g58866f5 (webtiles) character file.

1393 royokou the Destroyer (level 8, -5/41 HPs)
             Began as a Deep Elf Conjurer on June 30, 2018.
             Was a Follower of Sif Muna.
             Killed themself with a badly aimed iceblast (19 damage)
             ... in an ossuary.
             The game lasted 00:33:14 (5864 turns).

royokou the Destroyer (Deep Elf Conjurer)           Turns: 5864, Time: 00:33:22

Health: -5/41      AC:  7    Str:  6    XL:     8   Next: 41%
Magic:  1/22       EV: 12    Int: 22    God:    Sif Muna [*.....]
Gold:   294        SH:  0    Dex: 15    Spells: 13/23 levels left

rFire    . . .     SeeInvis .   k - +0 short sword
rCold    . . .     Gourm    .   (no shield)
rNeg     . . .     Faith    .   o - +0 leather armour
rPois    .         Spirit   .   a - +1 helmet
rElec    .         Reflect  .   (no cloak)
rCorr    .         Harm     .   (no gloves)
MR       .....                  (no boots)
Stlth    ++........             (no amulet)
HPRegen  0.13/turn              l - +2 ring of protection
MPRegen  0.18/turn              (no ring)

@: divine energy
A: no striking features
a: Stop Divine Energy, Renounce Religion


You were in an ossuary.
You worshipped Sif Muna.
Sif Muna was aware of your devotion.
You were near starving.

You visited 2 branches of the dungeon, and saw 7 of its levels.
You also visited: Ossuary.

You collected 294 gold pieces.

Inventory:

Hand Weapons
 k - a +0 short sword (weapon)
 q - a +0 blowgun
Missiles
 r - 15 poisoned needles
Armour
 a - a +1 helmet (worn)
 i - a +0 helmet
 o - a +0 leather armour (worn)
Jewellery
 f - an uncursed ring of ice
 l - a +2 ring of protection (left hand)
Wands
 w - a wand of random effects (30)
Scrolls
 b - 4 scrolls of remove curse
 g - 2 scrolls of identify
 h - a scroll of teleportation
 s - a scroll of blinking
 v - a scroll of fog {unknown}
Potions
 e - 3 potions of curing
 j - a potion of haste
 p - 3 potions of heal wounds {unknown}
 t - a potion of might {unknown}
 u - a potion of lignification {unknown}
 x - 2 potions of flight {unknown}
Comestibles
 c - 7 rations


   Skills:
 - Level 2.4 Dodging
 - Level 2.6 Stealth
 + Level 8.2 Spellcasting
 * Level 10.3 Conjurations


You had 13 spell levels left.
You knew the following spells:

 Your Spells              Type           Power        Failure   Level  Hunger
a - Magic Dart            Conj           ####         1%          1    None
b - Searing Ray           Conj           ######       1%          2    None
c - Dazzling Spray        Conj/Hex       ####..       4%          3    None
d - Iskenderun's Mystic   Conj           ######..     1%          4    ###....

Your spell library contained the following spells:

 Spells                   Type           Power        Failure   Level  Hunger
 Apportation              Tloc           #.....       12%         1    None
 Summon Small Mammal      Summ           #...         12%         1    None
 Animate Skeleton         Necr           N/A          12%         1    None
 Confusing Touch          Hex            #.....       12%         1    None
 Fulminant Prism          Conj/Hex       ####......   14%         4    ###....
 Force Lance              Conj/Tloc      ####....     14%         4    ###....


Dungeon Overview and Level Annotations

Branches:
Dungeon (6/15)             Temple (1/1) D:5

Altars:
Elyvilon
Fedhas
Gozag
Kikubaaqudgha
Makhleb
Okawaru
Sif Muna
Uskayaw
Wu Jian
Xom
The Shining One


Message History

Aim: a leopard gecko zombie (heavily damaged, chance to defeat MR: 79%)
The leopard gecko zombie barely resists.
The now-empty wand crumbles to dust.
The leopard gecko zombie closely misses you.
Okay, then.
Aiming: Random Effects
Press: ? - help, Shift-Dir - straight line, f/p - leopard gecko zombie
Aim: a leopard gecko zombie (heavily damaged)
The leopard gecko zombie is unaffected.
The leopard gecko zombie barely misses you.
Aiming: Random Effects
Press: ? - help, Shift-Dir - straight line, f/p - leopard gecko zombie
Aim: a leopard gecko zombie (heavily damaged)
The mass of ice explodes!
The iceblast engulfs the leopard gecko zombie.
The leopard gecko zombie partially resists.
You destroy the leopard gecko zombie!
Sif Muna accepts your kill. The iceblast engulfs you!
You die...

≈ ≈# ≈.
#≈##≈ #####
≈≈≈.≈.#..@#
#≈M.∩.#
#...#...#
##≈ #####
≈. ##


You could see a mummy.

Vanquished Creatures
  Menkaure (D:4)
  A phantom (D:5)
  A sky beast (D:5)
  2 bullfrogs (D:6)
  Blork the orc (D:4)
  4 bullfrog zombies (Ossuary)
  A hound (D:6)
  A centaur zombie (D:5)
  An orc priest (D:6)
  A jelly (D:6)
  2 orc wizards (D:5)
  A centaur skeleton (D:6)
  9 mummies (Ossuary)
  An iguana (D:4)
  Natasha (twice) (D:4)
  2 hound zombies
  A hound skeleton (D:5)
  3 worker ant zombies (Ossuary)
  A howler monkey zombie (Ossuary)
  Robin (D:4)
  10 gnolls (D:4)
  7 adders
  An ooze (D:3)
  An adder zombie (Ossuary)
  An adder skeleton (D:5)
  2 dart slugs
  3 leopard geckos
  5 orcs
  3 bat zombies (D:4)
  A giant cockroach (D:1)
  15 goblins
  8 hobgoblins
  4 jackals
  4 kobolds
  3 bats (D:2)
  A frilled lizard (D:4)
  A jackal zombie (D:5)
  A leopard gecko zombie (Ossuary)
  3 rats
111 creatures vanquished.

Notes
Turn   | Place    | Note
-------+----------+-------------------------------------------
     0 | D:1      | royokou the Deep Elf Conjurer began the quest for the Orb.
     0 | D:1      | Reached XP level 1. HP: 10/10 MP: 6/6
   342 | D:1      | Reached XP level 2. HP: 15/15 MP: 6/8
   346 | D:1      | Learned a level 2 spell: Searing Ray
   848 | D:2      | Reached skill level 5 in Conjurations
  1190 | D:2      | Found a hide-covered altar of Uskayaw.
  1424 | D:3      | Reached XP level 3. HP: 19/19 MP: 6/10
  2221 | D:4      | Reached XP level 4. HP: 24/24 MP: 6/11
  2272 | D:4      | Reached skill level 6 in Conjurations
  2278 | D:4      | Learned a level 3 spell: Dazzling Spray
  2283 | D:4      | Learned a level 4 spell: Iskenderun's Mystic Blast
  2559 | D:4      | Reached XP level 5. HP: 28/28 MP: 9/13
  2811 | D:4      | Noticed Robin
  2814 | D:4      | Killed Robin
  3012 | D:4      | Reached skill level 5 in Spellcasting
  3021 | D:4      | Noticed Menkaure
  3073 | D:4      | Killed Menkaure
  3073 | D:4      | Reached skill level 7 in Conjurations
  3073 | D:4      | Reached XP level 6. HP: 22/32 MP: 6/16
  3074 | D:4      | Noticed Blork the orc
  3389 | D:4      | Killed Blork the orc
  3408 | D:4      | Noticed Natasha
  3415 | D:4      | Killed Natasha
  3640 | D:4      | Noticed Natasha
  3647 | D:4      | Killed Natasha
  3914 | D:4      | Found an ancient bone altar of Kikubaaqudgha.
  4038 | D:5      | Entered Level 5 of the Dungeon
  4054 | D:5      | Reached skill level 8 in Conjurations
  4054 | D:5      | Reached XP level 7. HP: 36/36 MP: 8/18
  4177 | D:5      | Found a white marble altar of Elyvilon.
  4582 | D:5      | Found a staircase to the Ecumenical Temple.
  4633 | Temple   | Entered the Ecumenical Temple
  4732 | Temple   | Became a worshipper of Sif Muna the Loreminder
  5157 | D:6      | Found a burning altar of Makhleb.
  5319 | D:6      | Reached skill level 9 in Conjurations
  5554 | D:6      | Found a shimmering altar of Xom.
  5578 | D:6      | Reached XP level 8. HP: 30/41 MP: 9/21
  5612 | D:6      | Reached * piety under Sif Muna
  5724 | D:6      | Found a sand-covered staircase.
  5729 | Ossuary  | Entered an ossuary
  5824 | Ossuary  | Reached skill level 10 in Conjurations
  5864 | Ossuary  | Killed themself with a badly aimed iceblast

Vault maps used:
D:1:      dpeg_arrival_simpleton_b
D:2:      eat_drink_and_be_merry_uskayaw, item_on_display_a
D:3:      due_unseen_surprise
D:4:      lemuel_zombie_altar_kikubaaqudgha, first_ration, uniq_menkaure,
          uniq_robin, uniq_natasha, uniq_blork_the_orc
D:5:      kennysheep_little_box, minmay_temple_entry_statues_pillars
D:6:      xom_butterflies, basic_altar, gammafunk_ghost_cemetery,
          enter_ossuary_2
Temple:   minmay_temple_curvy_loop
Ossuary:  ossuary_zaba_flooded

Skill      XL: |  1  2  3  4  5  6  7  8 |
---------------+-------------------------+-----
Conjurations   | 5 6 7 8 9 10 | 10.3
Spellcasting   | 4 5 6 7 8 |  8.2
Dodging        | |  2.4
Stealth        | |  2.6

Action                   |  1- 3 |  4- 6 |  7- 9 || total
-------------------------+-------+-------+-------++-------
Melee: Short sword       |     5 |     3 |    14 ||    22
 Cast: Magic Dart        |    62 |    33 |    22 ||   117
       Searing Ray       |     3 |    18 |    30 ||    51
       Iskenderun's Myst |       |     4 |    17 ||    21
Invok: Divine Energy     |       |       |     1 ||     1
Evoke: Wand              |       |       |     9 ||     9
  Use: Scroll            |    12 |     1 |       ||    13
       Potion            |       |       |     3 ||     3
  Eat: Chunk             |     2 |     4 |     6 ||    12
       Ration            |     1 |       |       ||     1
Armor: Robe              |     1 |       |       ||     1
       Leather armour    |     1 |     8 |    12 ||    21
Dodge: Dodged            |    18 |    16 |    25 ||    59

Table legend:
 A = Spawn XP
 B = Non-spawn XP
 C = Spawn XP percentage of total XP
 D = Spawn monster count
 E = Non-spawn monster count
 F = Spawn count percentage of total count
 G = Total turns spent on level
                    A         B        C        D         E        F      G
               +---------+---------+-------+---------+---------+-------+---------
         Total |       0 |    1990 |   0.0 |       0 |     111 |   0.0 |  5864
               +---------+---------+-------+---------+---------+-------+---------
           D:1 |       0 |      21 |   0.0 |       0 |      10 |   0.0 |   742
           D:2 |       0 |      18 |   0.0 |       0 |      11 |   0.0 |   679
           D:3 |       0 |      48 |   0.0 |       0 |      10 |   0.0 |  1251
           D:4 |       0 |     590 |   0.0 |       0 |      33 |   0.0 |  1472
           D:5 |       0 |     419 |   0.0 |       0 |      14 |   0.0 |   841
           D:6 |       0 |     399 |   0.0 |       0 |      13 |   0.0 |   572
       Ossuary |       0 |     495 |   0.0 |       0 |      20 |   0.0 |   135
               +---------+---------+-------+---------+---------+-------+---------
